Match 38852786
Unlisted

Match 38852786
End
Royal Engineer Section
Selects Australian Defense Battlegroup
Selects Australian Light Infantry Section
Australian Light Infantry Section
Australian Light Infantry Section
Construct Section Command Post
Infantry Section
Construct Platoon Command Post
Construct Field Infirmary
Humber Armored Car
Selects Defensive Tactics
Selects CMP 15cwt Supply Run
Construct Company Command Post
CMP 15cwt Truck
CMP 15cwt Supply Run
Foot Guards Section
Selects Hold the Line!
Hold the Line!
Unlock M3 Grant Medium Tanks
M3 Grant Medium Tank
M3 Grant Medium Tank
Grenade Package
M3 Grant Medium Tank
Armored Vehicle Training
Royal Engineer Section
M3 Grant Medium Tank
M3 Grant Medium Tank
M3 Grant Medium Tank
Royal Engineer Section
BIOHAZARD
Enfelon
Sauzer88
Leo
DEKA
duck
Mr.PantaLo0n
Specter
0
0

Comments sign in to comment!

No comments posted yet!